 Dungeon Crawl Stone Soup version 0.23.1 (webtiles) character file.

Game seed: 10540656890852267479

13 Borgoz the Sneak (level 2, 0/20 HPs)
             Began as a Ghoul Enchanter on Mar 7, 2019.
             Slain by a rat (1 damage)
             ... on level 1 of the Dungeon.
             The game lasted 00:01:04 (213 turns).

Borgoz the Sneak (Ghoul Enchanter)                   Turns: 213, Time: 00:01:05

Health: 0/20       AC:  2    Str: 11    XL:     2   Next: 37%
Magic:  3/3        EV: 12    Int: 10    God:
Gold:   76         SH:  0    Dex:  9    Spells: 3/4 levels left

rFire    . . .     SeeInvis .   a - +1 dagger
rCold    + . .     Gourm    .   (no shield)
rNeg     + + +     Faith    .   b - +0 robe
rPois    ∞         Spirit   .   (no helmet)
rElec    .         Reflect  .   (no cloak)
rCorr    .         Harm     .   (no gloves)
MR       .....                  (no boots)
Stlth    ++........             (no amulet)
HPRegen  0.00/turn              (no ring)
MPRegen  0.08/turn              (no ring)

@: rotting
A: rotting body, claws 1, carnivore, cold resistance 1, negative energy
resistance 3, inhibited regeneration, torment resistance, unbreathing
a: no special abilities


You were on level 1 of the Dungeon.
You were not hungry.

You visited 1 branch of the dungeon, and saw 1 of its levels.

You collected 76 gold pieces.

Inventory:

Hand Weapons
 a - a +1 dagger (weapon)
Armour
 b - a +0 robe (worn)
Scrolls
 c - a scroll of enchant weapon {unknown}
 e - 2 scrolls of remove curse {unknown}
Potions
 f - a potion of curing {unknown}
Comestibles
 d - 2 rations


   Skills:
 + Level 1.0 Short Blades
 + Level 2.0 Dodging
 + Level 3.7 Stealth
 + Level 1.8 Spellcasting
 + Level 2.6 Hexes


You had 3 spell levels left.
You knew the following spells:

 Your Spells              Type           Power        Failure   Level  Hunger
a - Corona                Hex            #......      11%         1    ##.....

Your spell library contained the following spells:

 Spells                   Type           Power        Failure   Level  Hunger
 Ensorcelled Hibernation  Hex/Ice        #.....       28%         2    ###....
 Confuse                  Hex            #.......     32%         3    ####...
 Tukima's Dance           Hex            #.......     32%         3    ####...
 Dazzling Spray           Conj/Hex       #.....       50%         3    ####...


Dungeon Overview and Level Annotations

Branches:
Dungeon (1/15)

Altars:


Innate Abilities, Weirdness & Mutations

Your body is rotting away.
You thrive on raw meat.
You are immune to poison.
You have sharp fingernails.
You are carnivorous and can eat meat at any time.
Your flesh is cold resistant. (rC+)
You are immune to negative energy. (rN+++)
You do not regenerate when monsters are visible.
You are immune to unholy pain and torment.
You can survive without breathing.


Message History

* * * LOW HITPOINT WARNING * * *
Okay, then.
You hit the hobgoblin.
You kill the hobgoblin!
You hit the hobgoblin but do no damage. The hobgoblin hits you.
* * * LOW HITPOINT WARNING * * *
You hit the hobgoblin.
The hobgoblin is heavily wounded.
The hobgoblin closely misses you.
You barely miss the hobgoblin.
The hobgoblin is heavily wounded.
The hobgoblin closely misses you.
You hit the hobgoblin.
You kill the hobgoblin!
Your Short Blades skill increases to level 1!
You barely miss the rat. The rat barely misses you.
You hit the rat.
The rat is moderately wounded.
The rat bites you.
You die...

##+###### #.$.....# #
#...(...#
#####.###r......########
........@#..g.(.........
#####.##.#..............
#.# .. #.##.............
#.###+####.##.............
#.##....##.##(............
#.##....##.##.....r.......
#.##....##.##.....$.?.....
#.##....##.##.............
#.##....##.##.............


You could see a rat.

Vanquished Creatures
  An adder zombie (D:1)
  A bat (D:1)
  A bat zombie (D:1)
  A goblin (D:1)
  3 hobgoblins (D:1)
  A kobold (D:1)
  A rat (D:1)
9 creatures vanquished.

Notes
Turn   | Place    | Note
-------+----------+-------------------------------------------
     0 | D:1      | Borgoz the Ghoul Enchanter began the quest for the Orb.
     0 | D:1      | Reached XP level 1. HP: 14/14 MP: 2/2
   155 | D:1      | Reached XP level 2. HP: 20/20 MP: 3/3
   208 | D:1      | HP: 1/20 [hobgoblin (2)]
   211 | D:1      | Reached skill level 1 in Short Blades
   213 | D:1      | Slain by a rat

Skill      XL: |  1  2 |
---------------+-------+-----
Dodging        | 2 |  2.0
Short Blades   | 1 |  1.0
Stealth        | |  3.7
Spellcasting   | |  1.8
Hexes          | |  2.6

Action                   || total
-------------------------++-------
Melee: Dagger            ||    37
 Stab: Sleeping          ||     2
Armor: Robe              ||     3
Dodge: Dodged            ||    15
